 Dungeon Sprint DCSS version bcrawl-1.20 (webtiles) character file.

Game seed: 3057385669267081692

6173 Freyura the Envoy of Void (level 10, -3/93 HPs)
             Began as a Demonspawn Abyssal Knight on Jan 20, 2020.
             Was a High Priest of Lugonu.
             Slain by a cane toad (12 damage)
             ... in the Dungeon (Sprint IX: "|||||||||||||||||||||||||||||").
             The game lasted 00:08:50 (1469 turns).

Freyura the Envoy of Void (DsAK)                    Turns: 1469, Time: 00:08:51

Health: -3/93      AC: 27    Str: 12    XL:     10   Next: 60%
Magic:  20/20      EV: 14    Int: 15    God:    Lugonu [*****.]
Gold:   14         SH:  0    Dex: 15    Spells: 9/9 levels left

rFire    . . .     SeeInvis .   n - +2 dire flail (protect)
rCold    . . .     Gourm    .   (shield currently unavailable)
rNeg     . . .     Faith    .   q - +1 chain mail
rPois    .         Spirit   .   (helmet restricted)
rElec    .         Reflect  .   p - +0 cloak
rCorr    .         Harm     .   o - +0 pair of gloves
MR       .....     NoTele   +   a - +1 pair of boots {Fly}
Stlth    ..........             (no amulet)
HPRegen  0.25/turn              r - +2 ring of evasion
MPRegen  0.17/turn              s - +2 ring of evasion

@: lethally poisoned (-3 -> -16), protection aura, flying
A: antennae 2, rugged brown scales 2, rot immunity
a: Bend Space, Banish, Corrupt, Renounce Religion, Stop Flying


You were in the Dungeon.
You worshipped Lugonu.
Lugonu was extremely pleased with you.
You were hungry.

You visited 1 branch You collected 14 gold pieces.

Inventory:

Hand Weapons
 n - a +2 dire flail of protection (weapon)
Missiles
 c - 42 stones (quivered)
 t - a throwing net {!f}
Armour
 a - a +1 pair of boots of flying (worn)
 o - a +0 pair of gloves (worn)
 p - a +0 cloak (worn)
 q - a +1 chain mail (worn)
 v - the +1 buckler of the Kraken {rC+ Str+4 Stlth+, unknown}
   (Lugonu gifted it to you in the Dungeon)

   It affects your strength (+4).
   It protects you from cold.
   It makes you more stealthy.
Jewellery
 r - a +2 ring of evasion (left hand)
 s - a +2 ring of evasion (right hand)
Wands
 m - a wand of iceblast (10)
Scrolls
 j - 4 scrolls of blinking
 k - 5 scrolls of remove curse
 l - 2 scrolls of amnesia
 u - a scroll of fear
Potions
 b - a potion of mutation
 g - a potion of haste
 h - 4 potions of magic
 i - a potion of invisibility
Comestibles
 e - a ration {!d}


   Skills:
 + Level 11.8 Fighting
 + Level 10.8 Maces & Flails
 + Level 10.8 Armour
 + Level 10.6 Dodging
 + Level 14.6 Invocations


You had 9 spell levels left.
You didn't know any spells.
Your spell library was empty.

Dungeon Overview and Level Annotations

Branches:
Dungeon (1/1)

Altars:
Cheibriados
Dithmenos
Elyvilon
Fedhas
Gozag
Hepliaklqana
Kikubaaqudgha
Lugonu
Makhleb
Nemelex Xobeh
Okawaru
Qazlal
Ru
Sif Muna
Trog
Uskayaw
Vehumet
Wu Jian
Xom
Yredelemnul
Zin
The Shining One
Beogh
Jiyva


Innate Abilities, Weirdness & Mutations

You have a pair of antennae on your head.
You are mostly covered in rugged brown scales. (AC +2, +5% HP)
You are immune to rotting.


Message History

The cane toad hits you!
* * * LOW HITPOINT WARNING * * *
You hit the cane toad but do no damage.
The cane toad is moderately wounded.
The cane toad hits you.
* * * LOW HITPOINT WARNING * * *
You are lethally poisoned!
The cane toad poisons you!
You puncture the cane toad!
The cane toad is severely wounded.
* * * LOW HITPOINT WARNING * * *
You feel sick.
A bullfrog comes into view.
The cane toad barely misses you.
The bullfrog gives a loud, deep croak!
You hit the cane toad.
The cane toad is almost dead.
* * * LOW HITPOINT WARNING * * *
You feel sick. The cane toad hits you!
You die...

▓▓▓▓▓▓▓▓▓▓▓▓▓▓▓▓▓▓▓▓▓▓▓▓▓▓▓▓▓▓▓▓▓
_________________'..|)....[).....
▓▓▓▓▓▓▓▓▓▓▓▓▓▓▓▓▓▓▓▓▓▓▓▓▓▓▓▓▓▓▓▓▓
....................)............
▓▓▓▓▓▓▓▓▓▓▓▓▓▓▓▓▓▓▓▓▓▓▓▓▓▓▓▓▓▓▓▓▓
.....(÷'........@FF...F. {
▓▓▓▓▓▓▓▓▓▓▓▓▓▓▓▓▓▓▓▓▓▓▓▓ { {{


{{{{{{{{{{{{ {{{{ You could see a cane toad and 2 bullfrogs.

Vanquished Creatures
  A hydra (D)
  Erica (D)
  A black mamba (D)
  2 cane toads (D)
  2 komodo dragons (D)
  A troll (D)
  A tyrant leech (D)
  A hippogriff (D)
  2 blink frogs (D)
  4 yaks (D)
  A wyvern (D)
  3 vampire mosquitoes (D)
  3 water moccasins (D)
  A porcupine (D)
  2 black bears (D)
  2 centaurs (D)
  5 bullfrogs (D)
  2 big kobolds (D)
  A crimson imp (D)
  A hound (D)
  An orc wizard (D)
  An iguana (D)
  An orc (D)
  2 goblins (D)
  A hobgoblin (D)
  A kobold (D)
  A rat (D)
45 creatures vanquished.

Notes
Turn   | Place    | Note
-------+----------+-------------------------------------------
     0 | D        | Freyura the Demonspawn Abyssal Knight began the quest for
                  | the Orb.
     0 | D        | Reached XP level 1. HP: 18/18 MP: 2/2
     4 | D        | Reached skill level 1 in Dodging
     4 | D        | Reached skill level 3 in Invocations
     5 | D        | Reached ** piety under Lugonu
    32 | D        | Noticed a crimson imp
    32 | D        | Noticed a hound
    32 | D        | Noticed a scorpion
    32 | D        | Noticed a centaur
    39 | D        | Killed a hound
    39 | D        | Reached skill level 4 in Invocations
    39 | D        | Gained mutation: You have a pair of small antennae on your
                  | head. [demonic ancestry]
    39 | D        | Reached XP level 2. HP: 25/25 MP: 5/5
    39 | D        | Gained mutation: You are partially covered in rugged brown
                  | scales. (AC +1, +3% HP) [demonic ancestry]
    39 | D        | Reached XP level 3. HP: 30/30 MP: 6/6
    40 | D        | Reached *** piety under Lugonu
    47 | D        | Killed a centaur
    47 | D        | Reached skill level 5 in Fighting
    47 | D        | Reached skill level 6 in Invocations
    47 | D        | Gained mutation: You are immune to rotting. [demonic
                  | ancestry]
    47 | D        | Reached XP level 4. HP: 17/40 MP: 6/8
    50 | D        | Reached XP level 5. HP: 17/45 MP: 6/9
   296 | D        | Found a roughly hewn altar of Beogh.
   296 | D        | Found a snail-covered altar of Cheibriados.
   296 | D        | Found a shadowy altar of Dithmenos.
   296 | D        | Found a white marble altar of Elyvilon.
   296 | D        | Found a blossoming altar of Fedhas.
   296 | D        | Found an opulent altar of Gozag.
   297 | D        | Found a hazy altar of Hepliaklqana.
   298 | D        | Found a viscous altar of Jiyva.
   299 | D        | Found an ancient bone altar of Kikubaaqudgha.
   300 | D        | Found a corrupted altar of Lugonu.
   301 | D        | Found a burning altar of Makhleb.
   302 | D        | Found a sparkling altar of Nemelex Xobeh.
   303 | D        | Found an iron altar of Okawaru.
   304 | D        | Found a stormy altar of Qazlal.
   305 | D        | Found a sacrificial altar of Ru.
   306 | D        | Found a shimmering blue altar of Sif Muna.
   307 | D        | Found a bloodstained altar of Trog.
   308 | D        | Found a hide-covered altar of Uskayaw.
   309 | D        | Found a radiant altar of Vehumet.
   310 | D        | Found an ornate altar of the Wu Jian Council.
   311 | D        | Found a shimmering altar of Xom.
   312 | D        | Found a basalt altar of Yredelemnul.
   313 | D        | Found a glowing silver altar of Zin.
   314 | D        | Found a glowing golden altar of the Shining One.
   367 | D        | Noticed a yak
   367 | D        | Noticed a troll
   367 | D        | Noticed a black bear
   375 | D        | Reached skill level 5 in Maces & Flails
   375 | D        | Reached skill level 5 in Armour
   375 | D        | Reached skill level 7 in Invocations
   388 | D        | Reached **** piety under Lugonu
   388 | D        | Received a gift from Lugonu
   388 | D        | Reached skill level 5 in Dodging
   388 | D        | Reached XP level 6. HP: 47/54 MP: 11/11
   396 | D        | Killed a yak
   396 | D        | Reached skill level 8 in Invocations
   412 | D        | Killed a troll
   412 | D        | Reached skill level 9 in Invocations
   412 | D        | Gained mutation: You are mostly covered in rugged brown
                  | scales. (AC +2, +5% HP) [demonic ancestry]
   412 | D        | Reached XP level 7. HP: 46/64 MP: 12/14
   419 | D        | Reached skill level 10 in Invocations
   494 | D        | Noticed a vampire mosquito
   500 | D        | Killed a vampire mosquito
   511 | D        | Reached XP level 8. HP: 63/72 MP: 15/15
   647 | D        | Noticed Erica
   678 | D        | Killed Erica
   678 | D        | Reached skill level 11 in Invocations
   890 | D        | Noticed a blink frog
   896 | D        | Noticed a four-headed hydra
   907 | D        | Received a gift from Lugonu
   907 | D        | Reached skill level 12 in Invocations
   907 | D        | Reached XP level 9. HP: 60/81 MP: 16/18
   918 | D        | Killed a four-headed hydra
   918 | D        | Reached skill level 10 in Fighting
   941 | D        | Reached ***** piety under Lugonu
   952 | D        | Received a gift from Lugonu
   952 | D        | Reached skill level 13 in Invocations
   953 | D        | Got a jewelled buckler {god gift}
  1062 | D        | Noticed a komodo dragon
  1062 | D        | Noticed a komodo dragon
  1072 | D        | Noticed a black mamba
  1087 | D        | Reached skill level 10 in Maces & Flails
  1087 | D        | Reached skill level 10 in Armour
  1087 | D        | Gained mutation: You have a pair of antennae on your head.
                  | [demonic ancestry]
  1087 | D        | Reached XP level 10. HP: 85/91 MP: 20/20
  1108 | D        | Reached skill level 10 in Dodging
  1114 | D        | Reached skill level 14 in Invocations
  1133 | D        | Killed a black mamba
  1133 | D        | Received a gift from Lugonu
  1135 | D        | Received a gift from Lugonu
  1392 | D        | Noticed a cane toad
  1392 | D        | Noticed a cane toad
  1392 | D        | Noticed a cane toad
  1430 | D        | Killed a cane toad
  1439 | D        | Killed a cane toad
  1439 | D        | Received a gift from Lugonu
  1469 | D        | Slain by a cane toad

Skill      XL: |  1  2  3  4  5  6  7  8  9 10 |
---------------+-------------------------------+-----
Maces & Flails | 3 4 5 6 7 8 10 | 10.8
Armour         | 3 4 5 6 7 8 10 | 10.8
Dodging        | 2 3 4 5 6 7 8 9 10 | 10.6
Invocations    | 4 6 7 9 10 12 13 14 | 14.6
Fighting       | 4 5 6 7 8 9 11 | 11.8

Action                   |  1- 3 |  4- 6 |  7- 9 | 10-12 || total
-------------------------+-------+-------+-------+-------++-------
Melee: Mace              |    21 |     3 |       |       ||    24
       Dire flail        |       |    43 |   185 |   117 ||   345
  Use: Potion            |     1 |     2 |     5 |     8 ||    16
  Eat: Chunk             |       |       |     1 |     1 ||     2
Armor: Leather armour    |     3 |     1 |       |       ||     4
       Chain mail        |       |    31 |   106 |    49 ||   186
Dodge: Dodged            |     8 |    39 |    96 |    47 ||   190
